 Dungeon Crawl Stone Soup version 0.24-a0-358-g53aee78b01 (webtiles) character file.

Game seed: 8219771061186370589

93 TheOvate the Digger (level 4, 0/24 HPs)
             Began as a Gargoyle Earth Elementalist on May 25, 2019.
             Slain by a goblin
             ... wielding a +0 dagger
              (2 damage)
             ... on level 2 of the Dungeon.
             The game lasted 00:05:10 (2337 turns).

TheOvate the Digger (Gargoyle Earth Elementalist)   Turns: 2337, Time: 00:05:11

Health: 0/24       AC:  6    Str: 12    XL:     4   Next: 61%
Magic:  8/8        EV: 12    Int: 16    God:
Gold:   85         SH:  0    Dex: 10    Spells: 8/9 levels left

rFire    . . .     SeeInvis .   a - +0 dagger
rCold    . . .     Gourm    .   (no shield)
rNeg     + . .     Faith    .   c - +0 robe
rPois    ∞         Spirit   .   (no helmet)
rElec    +         Reflect  .   f - scarf {repulsion}
rCorr    .         Harm     .   (no gloves)
MR       .....                  h - +0 pair of boots
Stlth    ++........             (no amulet)
HPRegen  0.08/turn              (no ring)
MPRegen  0.11/turn              (no ring)

@: repel missiles
A: negative energy resistance 1, electricity resistance, unbreathing,
petrification resistance, rot immunity, AC +3
a: no special abilities


You were on level 2 of the Dungeon.
You were hungry.

You visited 1 branch of the dungeon, and saw 2 of its levels.

You collected 85 gold pieces.

Inventory:

Hand Weapons
 a - a +0 dagger (weapon)
Armour
 c - a +0 robe (worn)
 f - a scarf of repulsion (worn)
 h - a +0 pair of boots (worn)
Scrolls
 e - a scroll of amnesia {unknown}
 i - a scroll of enchant armour {unknown}
Potions
 g - a potion of lignification {unknown}
Comestibles
 d - 2 rations


   Skills:
 + Level 1.6 Dodging
 + Level 2.8 Stealth
 + Level 3.2 Spellcasting
   Level 0.7 Transmutations
 + Level 4.8 Earth Magic


You had 8 spell levels left.
You knew the following spells:

 Your Spells              Type           Power        Failure   Level  Hunger
a - Sandblast             Erth           ###...       2%          1    None

Your spell library contained the following spells:

 Spells                   Type           Power        Failure   Level  Hunger
 Passwall                 Tmut/Erth      ##......     9%          2    ##.....
 Stone Arrow              Conj/Erth      ##....       21%         3    ###....
 Petrify                  Tmut/Erth      ##......     50%         4    ####...
 Lee's Rapid Deconstruct  Erth           ###.......   56%         5    ######.


Dungeon Overview and Level Annotations

Branches:
Dungeon (2/15)

Altars:
Nemelex Xobeh

Annotations:
D:2 Sigmund


Innate Abilities, Weirdness & Mutations

You are resistant to torment.
Your stone body is resilient. (AC +3)
You are immune to poison.
You resist negative energy. (rN+)
You are resistant to electric shocks. (rElec)
You can survive without breathing.
You are immune to petrification.
You are immune to rotting.


Message History

* * * LOW HITPOINT WARNING * * *
You hit the adder.
You kill the adder!
The bat completely misses you. The bat hits you.
* * * LOW HITPOINT WARNING * * *
The goblin barely misses you.
You see here an adder corpse.
You barely miss the goblin. The bat closely misses you.
The goblin hits you with a +0 dagger.
* * * LOW HITPOINT WARNING * * *
You barely miss the goblin. The goblin hits you with a +0 dagger.
* * * LOW HITPOINT WARNING * * *
You closely miss the goblin. The goblin misses you.
You completely miss the goblin. The goblin hits you but does no damage.
You closely miss the goblin. The goblin hits you but does no damage.
You hit the goblin.
The goblin is heavily wounded.
The goblin hits you with a +0 dagger.
You die...

.## ##.## #.
#.## .# #.#
#. #..# .#
#.# #. ##.#
.# #+#
####.###.# #
.#
#......÷.##.#
.#
#.##........#
.##
#.###.#..####
..####
#.##.....#
.....+
+@gb.....#
..####
#.##....##
...#
#.##..#.#
##.#
#.##.##.# .
.# #.......#
. .#
####.####
.#.# #.# .#
#.#


You could see a goblin and a bat.

Vanquished Creatures
  A hound (D:2)
  4 adders (D:2)
  A dart slug (D:1)
  2 leopard geckos (D:2)
  A ball python (D:1)
  2 bats (D:2)
  A giant cockroach (D:2)
  A goblin (D:2)
  2 hobgoblins
  4 kobolds
  3 frilled lizards
  5 rats
27 creatures vanquished.

Notes
Turn   | Place    | Note
-------+----------+-------------------------------------------
     0 | D:1      | TheOvate the Gargoyle Earth Elementalist began the quest
                  | for the Orb.
     0 | D:1      | Reached XP level 1. HP: 10/10 MP: 3/3
   333 | D:1      | Reached skill level 4 in Earth Magic
   333 | D:1      | Reached XP level 2. HP: 15/15 MP: 3/5
   908 | D:1      | Found a sparkling altar of Nemelex Xobeh.
  1133 | D:2      | Reached XP level 3. HP: 19/19 MP: 4/6
  1354 | D:2      | Reached XP level 4. HP: 20/24 MP: 3/8
  1420 | D:2      | Noticed Sigmund
  2333 | D:2      | HP: 1/24 [goblin/+0 dagger (1)]
  2337 | D:2      | Slain by a goblin

Levels and vault maps discovered:
D:1:      dpeg_arrival_water_altar, layout_loops_ring, serial_bayou,
          serial_bayou_crossing, serial_bayou_ford_a, serial_bayou_lake_a,
          serial_bayou_shore_a, serial_bayou_pond_a
D:2:      layout_loops_corners, uniq_jessica, uniq_sigmund

Skill      XL: |  1  2  3 |
---------------+----------+-----
Earth Magic    | 4 |  4.8
Spellcasting   | 3 |  3.2
Dodging        | |  1.6
Stealth        | |  2.8
Transmutations | |  0.7

Action                   |  1- 3 |  4- 6 || total
-------------------------+-------+-------++-------
Melee: Dagger            |     2 |    48 ||    50
 Cast: Sandblast         |    31 |     4 ||    35
 Stab: Sleeping          |     1 |       ||     1
  Eat: Chunk             |     2 |     2 ||     4
Armor: Robe              |     6 |    21 ||    27
Dodge: Dodged            |     6 |    38 ||    44
       Deflected         |     2 |     1 ||     3

Table legend:
 A = Non-vault XP
 B = Vault XP
 C = Vault XP percentage of total XP
 D = Non-vault monster count
 E = Vault monster count
 F = Vault count percentage of total count
                 A         B        C        D         E       F
            +---------+---------+-------+---------+---------+-------
      Total |     133 |       0 |   0.0 |      27 |       0 |   0.0
            +---------+---------+-------+---------+---------+-------
        D:1 |      16 |       0 |   0.0 |      10 |       0 |   0.0
        D:2 |     117 |       0 |   0.0 |      17 |       0 |   0.0
            +---------+---------+-------+---------+---------+-------
